[Event "Team 45 45 League T63"]
[Site "Internet Chess Club"]
[Date "2014.12.07"]
[Round "2"]
[White "evan7284"]
[Black "jcule"]
[Result "1-0"]
[WhiteElo "1666"]
[BlackElo "1447"]
[Opening "Torre attack (Tartakower variation)"]
[ECO "D03"]
[Time "12:03:28"]
[TimeControl "2700+45"]

1. d4 d5 2. Nf3 Nf6 3. Bg5 e6 4. Nbd2 Be7 5. e3 h6 6. Bh4 O-O 7. Bd3 b6 8. Qe2
c5 9. c3 a5 10. O-O Ba6 11. Ne5 Bxd3 12. Qxd3 c4 13. Qe2 Ne4 14. Bxe7 Qxe7 15.
Nxe4 dxe4 16. Qxc4 f6 17. Ng6 Qf7 18. Nxf8 Qxf8 19. Qxe6+ {Black resigns} 1-0

[Event "Team 45 45 League T63"]
[Site "Internet Chess Club"]
[Date "2014.12.03"]
[Round "2"]
[White "qs16"]
[Black "JustinL"]
[Result "0-1"]
[WhiteElo "1693"]
[BlackElo "2005"]
[Opening "Queen's pawn game"]
[ECO "D00"]
[Time "16:00:28"]
[TimeControl "2700+45"]

1. d4 d5 2. Nd2 c5 3. c3 Nc6 4. e3 e5 5. dxe5 Nxe5 6. Ngf3 Bd6 7. Nxe5 Bxe5 8.
Nf3 Bf6 9. Bd3 Ne7 10. O-O O-O 11. h3 Bd7 12. Bd2 Bc6 13. Re1 Ng6 14. e4 Re8 15.
exd5 Qxd5 16. Be3 Rad8 17. Be2 Qf5 18. Qb3 Nf4 19. Bxf4 Qxf4 20. c4 g6 21. Bf1
b6 22. Nh2 Bd4 23. Ng4 h5 24. Ne3 h4 25. Re2 f5 26. Rae1 Be5 27. g3 hxg3 28.
fxg3 Qxg3+ 29. Bg2 Bd4 30. Kf1 Bxe3 31. Qc3 Bf3 {White resigns} 0-1

[Event "Team 45 45 League T63"]
[Site "Internet Chess Club"]
[Date "2014.12.07"]
[Round "2"]
[White "kidcobra"]
[Black "KnightOfLight"]
[Result "0-1"]
[WhiteElo "1752"]
[BlackElo "1711"]
[Opening "Pirc defense"]
[ECO "B07"]
[Time "19:01:11"]
[TimeControl "2700+45"]

1. e4 d6 2. d4 Nf6 3. Bd3 Nbd7 4. Nf3 c6 5. e5 dxe5 6. dxe5 Nxe5 7. Nxe5 Qa5+ 8.
Nc3 Qxe5+ 9. Be3 Bg4 10. Qd2 e6 11. f3 Bh5 12. O-O Bb4 13. Rfe1 Bxc3 14. bxc3
Qa5 15. Bd4 O-O 16. Re5 Qc7 17. Rg5 Bg6 18. Bxg6 hxg6 19. Bxf6 gxf6 20. Rg3 Kg7
21. Rb1 Rh8 22. f4 Rh5 23. h3 Rd8 24. Qe3 Rhd5 25. Qf3 b5 26. Re1 Rf5 27. Rg4 e5
28. Qe4 Rxf4 29. Rxf4 exf4 30. Rf1 g5 31. h4 Qb6+ 32. Kh2 Rh8 33. Rf3 Rxh4+ 34.
Rh3 Rxh3+ 35. gxh3 Qf2+ 36. Kh1 f3 37. Qg4 Qe1+ 38. Kh2 f2 39. Qg2 f1=Q 40. Qxf1
Qxf1 41. c4 f5 42. cxb5 cxb5 43. a4 f4 44. h4 g4 45. axb5 g3# {White checkmated}
0-1

[Event "Team 45 45 League T63"]
[Site "Internet Chess Club"]
[Date "2014.12.07"]
[Round "2"]
[White "Lrn2Mate"]
[Black "chesskix"]
[Result "1-0"]
[WhiteElo "1569"]
[BlackElo "1457"]
[Opening "Dutch with c4 & Nc3"]
[ECO "A85"]
[Time "15:00:25"]
[TimeControl "2700+45"]

1. d4 f5 2. c4 Nf6 3. Nc3 e6 4. Nf3 Be7 5. e3 O-O 6. g3 d6 7. Bg2 Nbd7 8. O-O
Qe8 9. b4 a6 10. a3 Nb6 11. Qb3 Qh5 12. c5 Nbd5 13. Nxd5 Nxd5 14. Re1 Nf6 15.
Nd2 d5 16. f3 Bd7 17. e4 fxe4 18. fxe4 Bc6 19. exd5 Ng4 20. h3 Bf6 21. Bb2 Nf2
22. dxc6 Nxh3+ 23. Bxh3 Qxh3 24. Qxe6+ Qxe6 25. Rxe6 bxc6 26. Ne4 Rad8 27. Nxf6+
Rxf6 28. Rae1 Rxe6 29. Rxe6 Kf7 30. Rxc6 Re8 31. Rxc7+ Kg6 32. Rc6+ Kh5 33. d5
Re1+ 34. Kf2 {Black resigns} 1-0

[Event "Team 45 45 League T63"]
[Site "Internet Chess Club"]
[Date "2014.12.04"]
[Round "2"]
[White "KidRattler"]
[Black "Sunny2002"]
[Result "0-1"]
[WhiteElo "1496"]
[BlackElo "1338"]
[Opening "QGD semi-Slav"]
[ECO "D43"]
[Time "08:59:51"]
[TimeControl "2700+45"]

1. d4 d5 2. c4 e6 3. Nc3 Nf6 4. Nf3 c6 5. Bf4 Bd6 6. Bxd6 Qxd6 7. c5 Qc7 8. e3
Nbd7 9. b4 b6 10. a3 O-O 11. Bd3 e5 12. dxe5 Nxe5 13. cxb6 axb6 14. h3 Nxd3+ 15.
Qxd3 Ba6 16. Qd4 Rfe8 17. Na4 Rxe3+ 18. fxe3 Qg3+ 19. Kd1 Qxg2 20. Rg1 Qxf3+ 21.
Kc2 Qe2+ 22. Qd2 Bd3+ 23. Kc1 Rxa4 24. Qxe2 Bxe2 25. Kd2 Bc4 26. Kc3 c5 27. bxc5
bxc5 28. Rgb1 Ne4+ 29. Kc2 h6 30. Rd1 Ra6 31. h4 Rf6 32. a4 Rf2+ 33. Kc1 Nc3 34.
Rd2 Rf1+ 35. Kb2 Rxa1 36. Kxa1 Nxa4 37. Kb1 g5 38. Rg2 f6 39. hxg5 fxg5 40. Rg4
Bd3+ 41. Kc1 c4 42. Kd2 Kg7 43. Rd4 Nb6 44. Kc3 h5 45. Kb4 g4 46. Kc5 g3 47.
Kxb6 g2 48. Rxd5 g1=Q 49. Rd7+ Kf6 50. Rd6+ Ke5 51. Kc6 Be4+ 52. Kd7 Qg7+ 53.
Kc8 Kxd6 54. Kb8 Qb7# {White checkmated} 0-1

[Event "Team 45 45 League T63"]
[Site "Internet Chess Club"]
[Date "2014.12.04"]
[Round "2"]
[White "Portola"]
[Black "calsal"]
[Result "1/2-1/2"]
[WhiteElo "1851"]
[BlackElo "1775"]
[Opening "Queen's pawn game, Krause variation"]
[ECO "D02"]
[Time "17:00:11"]
[TimeControl "2700+45"]

1. d4 d5 2. Nf3 c5 3. c3 Nc6 4. e3 Nf6 5. h3 Bf5 6. Bd3 Bg6 7. Bxg6 hxg6 8. Nbd2
e6 9. Qe2 Bd6 10. O-O Qb6 11. dxc5 Bxc5 12. b4 Bd6 13. a3 a5 14. b5 Ne5 15. a4
Rc8 16. Bb2 O-O 17. Rfc1 Qc7 18. Ba3 Bxa3 19. Rxa3 {Game drawn by mutual
agreement} 1/2-1/2

[Event "Team 45 45 League T63"]
[Site "Internet Chess Club"]
[Date "2014.12.04"]
[Round "2"]
[White "JeffH"]
[Black "WillC"]
[Result "0-1"]
[WhiteElo "1737"]
[BlackElo "1763"]
[Opening "Sicilian: Nimzovich-Rossolimo attack (without ...d6)"]
[ECO "B30"]
[Time "20:00:19"]
[TimeControl "2700+45"]

1. e4 c5 2. Nf3 Nc6 3. Bb5 Qc7 4. O-O a6 5. Bxc6 Qxc6 6. Re1 d6 7. h3 g6 8. c3
Bg7 9. d3 e6 10. Bg5 b5 11. Nbd2 Bb7 12. Qb3 Nh6 13. Rac1 O-O 14. d4 c4 15. Qc2
Rfe8 16. b3 cxb3 17. axb3 f6 18. Be3 Nf7 19. Qd3 d5 20. exd5 exd5 21. Bf4 Bh6
22. Bxh6 Nxh6 23. Nh4 Kg7 24. Qg3 Rac8 25. Rxe8 Rxe8 26. f4 Bc8 27. Qf3 Bf5 28.
g4 Be4 29. Qg3 Nf7 30. f5 g5 31. Nhf3 Nd6 32. Ne1 a5 33. h4 h6 34. hxg5 hxg5 35.
Ng2 a4 36. bxa4 bxa4 37. Kf2 Rh8 38. Ne3 a3 39. Nb3 Bc2 40. Rxc2 Ne4+ {White
resigns} 0-1

[Event "Team 45 45 League T63"]
[Site "Internet Chess Club"]
[Date "2014.12.04"]
[Round "2"]
[White "rubo"]
[Black "okieman888"]
[Result "0-1"]
[WhiteElo "1640"]
[BlackElo "1536"]
[Opening "Bird: From gambit"]
[ECO "A02"]
[Time "20:01:24"]
[TimeControl "2700+45"]

1. f4 e5 2. fxe5 d6 3. Nf3 dxe5 4. e4 Bc5 5. Bc4 Nf6 6. d3 O-O 7. Qe2 Nc6 8. c3
a6 9. a4 Re8 10. Be3 Bxe3 11. Qxe3 Be6 12. Nbd2 Na5 13. Nxe5 Nxc4 14. Nexc4 Bxc4
15. Nxc4 Nxe4 16. O-O Nxc3 17. Qf3 Nd5 18. Qxf7+ Kh8 19. Rf5 Nf6 20. Ne5 Rxe5
21. Rxf6 Qxf6 22. Qxc7 Qe7 23. Qc3 Re8 24. h3 Re1+ {White resigns} 0-1

[Event "Team 45 45 League T63"]
[Site "Internet Chess Club"]
[Date "2014.12.07"]
[Round "2"]
[White "stantheman59"]
[Black "g8wrb"]
[Result "1-0"]
[WhiteElo "1202"]
[BlackElo "1326"]
[Opening "French defense"]
[ECO "C00"]
[Time "15:09:54"]
[TimeControl "2700+45"]

1. e4 e6 2. Nf3 d5 3. exd5 exd5 4. d4 Nf6 5. Bd3 Bd6 6. Nc3 O-O 7. O-O Bg4 8. h3
Bh5 9. Be3 Re8 10. Re1 c6 11. Be2 Qc7 12. Ne5 Bxe5 13. dxe5 Bxe2 14. Rxe2 Rxe5
15. Bf4 Nbd7 16. Bxe5 Nxe5 17. Qd4 Re8 18. Qxa7 c5 19. f4 Nc6 20. Rxe8+ Nxe8 21.
Qxc5 Qxf4 22. Re1 Nf6 23. Nxd5 h6 24. Nxf4 {Black resigns} 1-0

[Event "Team 45 45 League T63"]
[Site "Internet Chess Club"]
[Date "2014.12.07"]
[Round "2"]
[White "Tjet"]
[Black "anishio"]
[Result "1-0"]
[WhiteElo "1594"]
[BlackElo "1655"]
[Opening "English, 1...Nf6 (Anglo-Indian defense)"]
[ECO "A15"]
[Time "21:03:39"]
[TimeControl "2700+45"]

1. c4 Nf6 2. g3 g6 3. Bg2 Bg7 4. e4 c5 5. Nc3 d6 6. d3 O-O 7. Nge2 Nc6 8. O-O
Qc7 9. Nd5 Nxd5 10. cxd5 Ne5 11. Rb1 b6 12. f4 Nd7 13. b3 Rb8 14. Bb2 b5 15.
Bxg7 Kxg7 16. Qc2 Nb6 17. Rf2 Bd7 18. Rc1 a5 19. h3 b4 20. Kh2 a4 21. d4 Rbc8
22. dxc5 Qxc5 23. Qb2+ {Black resigns} 1-0

[Event "Team 45 45 League T63"]
[Site "Internet Chess Club"]
[Date "2014.12.07"]
[Round "2"]
[White "dabodhi"]
[Black "browndeer"]
[Result "0-1"]
[WhiteElo "1354"]
[BlackElo "1565"]
[Opening "King's Indian: East Indian defense"]
[ECO "A48"]
[Time "22:30:57"]
[TimeControl "2700+45"]

1. d4 Nf6 2. Nf3 g6 3. Nc3 d5 4. Bf4 a6 5. e3 Bg7 6. Be2 O-O 7. Ne5 Bf5 8. g4
Bc8 9. h4 e6 10. h5 Nbd7 11. Bd3 Nxe5 12. Bxe5 Qe7 13. g5 Nxh5 14. Rxh5 gxh5 15.
Qxh5 f5 16. gxf6 Bxf6 17. Qh6 Bxe5 18. dxe5 Qg7 19. Qh1 c5 20. O-O-O Kh8 21. Rg1
Qe7 22. f4 c4 23. Bg6 Rg8 24. Qh5 Bd7 25. Rh1 Rg7 26. Ne2 Rag8 27. f5 exf5 28.
Bxf5 Bxf5 29. Qxf5 Rg5 30. Qf4 Qxe5 31. Qf2 Rg2 32. Qf3 R2g7 33. Nf4 d4 34. exd4
Qxd4 35. Ne2 Qd7 36. Rd1 Qe7 37. Re1 Qg5+ 38. Nf4 Rf8 39. Re4 b5 40. Kd1 Qg1+
41. Re1 Qd4+ 42. Kc1 Qxf4+ 43. Qxf4 Rxf4 44. Re8+ Rg8 45. Re7 Rf2 46. Kd1 Rg1+
47. Re1 Rxe1+ 48. Kxe1 Rxc2 {White resigns} 0-1

[Event "Team 45 45 League T63"]
[Site "Internet Chess Club"]
[Date "2014.12.07"]
[Round "2"]
[White "almond123"]
[Black "KingOfClubs"]
[Result "0-1"]
[WhiteElo "1512"]
[BlackElo "1381"]
[Opening "Owen defense"]
[ECO "B00"]
[Time "14:00:32"]
[TimeControl "2700+45"]

1. e4 b6 2. d4 Bb7 3. Nc3 e6 4. Nf3 Bb4 5. Bd3 Nf6 6. Bg5 h6 7. Bxf6 Qxf6 8. O-O
Bxc3 9. bxc3 d6 10. Qe2 O-O 11. Rab1 Nd7 12. Ba6 Rfb8 13. Bxb7 Rxb7 14. Qb5 c5
15. Rfd1 Rab8 16. Qc6 Qe7 17. dxc5 Nxc5 18. Re1 Rc7 19. Qb5 Rbb7 20. Nd4 Qd7 21.
Qxd7 Rxd7 22. f3 a6 23. Nb3 Na4 24. Re3 Rdc7 25. Rd1 Rxc3 26. Rxc3 Nxc3 27. Rxd6
Nxa2 28. Rd4 a5 29. Rc4 Nb4 30. Kf2 Na6 31. Ra4 Rc7 32. Ra2 Nb4 33. Rb2 Rxc2+
34. Rxc2 Nxc2 35. Ke2 a4 36. Nc1 Nd4+ 37. Kd3 e5 38. Kc3 b5 39. Nd3 f6 40. f4
Ne2+ 41. Kb4 Nxf4 42. Nxf4 exf4 43. h3 Kf7 44. Ka3 Ke6 45. Kb4 Ke5 46. Ka3 Kxe4
47. Kb4 Ke3 {White resigns} 0-1

[Event "Team 45 45 League T63"]
[Site "Internet Chess Club"]
[Date "2014.12.07"]
[Round "2"]
[White "viktory"]
[Black "Elalfer"]
[Result "0-1"]
[WhiteElo "1547"]
[BlackElo "1529"]
[Opening "QGD semi-Slav: 5.e3"]
[ECO "D45"]
[Time "13:00:32"]
[TimeControl "2700+45"]

1. d4 d5 2. c4 c6 3. Nc3 Nf6 4. Nf3 e6 5. e3 Bd6 6. cxd5 exd5 7. Bd3 O-O 8. O-O
Bg4 9. Re1 Re8 10. h3 Bh5 11. e4 dxe4 12. Nxe4 Nxe4 13. Bxe4 Nd7 14. Bg5 Bxf3
15. Qxf3 Qxg5 16. Qd3 Nf6 17. Bf5 g6 18. Be4 Re7 19. Bf3 Rae8 20. Rxe7 Rxe7 21.
g3 Bxg3 22. Bg2 Bc7 {White resigns} 0-1

[Event "Team 45 45 League T63"]
[Site "Internet Chess Club"]
[Date "2014.12.06"]
[Round "2"]
[White "Berke"]
[Black "moodle"]
[Result "1/2-1/2"]
[WhiteElo "1580"]
[BlackElo "1672"]
[Opening "Hungarian defense"]
[ECO "C50"]
[Time "16:00:55"]
[TimeControl "2700+45"]

1. e4 e5 2. Nf3 Nc6 3. Bc4 Be7 4. c3 Nf6 5. d3 O-O 6. Nbd2 d6 7. Rf1 h6 8. Ke2
Nh7 9. Re1 Kh8 10. Kf1 f5 11. exf5 Bxf5 12. d4 exd4 13. cxd4 Bg4 14. Qa4 a6 15.
Bd3 Qe8 16. d5 Bxf3 17. Nxf3 Na7 18. Bxh7 Kxh7 19. Qe4+ Kh8 20. Qxe7 Qb5+ 21.
Qe2 Qxd5 22. Be3 Rae8 23. Red1 Qe6 24. Kg1 Nc6 25. Qd2 Rf6 26. Nd4 Nxd4 27. Bxd4
Rg6 28. Re1 Qf7 29. Rxe8+ Qxe8 30. Re1 Qd7 31. g3 h5 32. Re4 Qc6 33. Qe2 Qc1+
34. Kg2 Qg5 35. h4 Qd5 36. Kh2 Kh7 37. a3 b5 38. Bc3 Qf5 39. Rf4 Qd5 40. Rf8 Re6
41. Qf3 Qxf3 42. Rxf3 Re7 43. Rd3 Kg6 44. Kg2 Rd7 45. b4 c6 46. Bd4 Kf5 47. f3
Ke6 48. Kf2 c5 49. bxc5 dxc5 50. Re3+ Kd5 51. Bb2 Rc7 52. Ke2 a5 53. Kd2 b4 54.
axb4 axb4 55. Kc2 g6 56. f4 c4 57. Re5+ Kc6 58. Rg5 Re7 59. Rxg6+ Kb5 60. Be5
Ra7 61. Rg5 Ka4 62. Rg7 Ra5 63. Kb2 Kb5 64. Rg5 Ka4 65. Rxh5 c3+ 66. Kc2 Ka3 67.
Rh6 Ka4 68. Bxc3 Rc5 69. Rb6 Rxc3+ 70. Kb2 Rxg3 71. h5 Rf3 72. h6 Rxf4 73. h7
Rf8 74. Rb7 Rh8 75. Ra7+ Kb5 76. Kb3 Kb6 77. Rg7 Kb5 78. Rg5+ Kb6 79. Rh5 Kc6
80. Kxb4 Kd6 81. Kc4 Ke6 82. Kd4 Kf6 83. Ke4 Kg7 84. Kf5 Rxh7 85. Rxh7+ Kxh7
{Game drawn because neither player has mating material} 1/2-1/2

[Event "Team 45 45 League T63"]
[Site "Internet Chess Club"]
[Date "2014.12.04"]
[Round "2"]
[White "GregoryViking"]
[Black "clarinetref"]
[Result "0-1"]
[WhiteElo "1563"]
[BlackElo "1618"]
[Opening "Robatsch (modern) defense"]
[ECO "B06"]
[Time "10:35:10"]
[TimeControl "2700+45"]

1. e4 g6 2. d4 d6 3. Bc4 Bg7 4. Qf3 Nf6 5. e5 Bg4 6. Qf4 dxe5 7. Qxe5 Nc6 8. Bb5
O-O 9. Bxc6 bxc6 10. f3 Nh5 11. Qg5 Be6 12. c3 h6 13. Qh4 Bf6 14. Qf2 Bg7 15.
Ne2 Bc4 16. Nd2 Bd3 17. Ne4 Qd5 18. Nc5 Bb5 19. g4 Nf6 20. g5 hxg5 21. h4 g4 22.
Nf4 Qxf3 23. Qxf3 gxf3 24. h5 gxh5 25. Nxh5 Ng4 26. Ne4 Bd3 27. Nf2 Nxf2 28.
Kxf2 Be4 29. Nxg7 Kxg7 30. Bh6+ Kf6 31. Bxf8 Rxf8 32. Rag1 Ke6 33. Rh4 f5 34.
Rh7 Rf7 35. Rg6+ Rf6 36. Rxf6+ Kxf6 37. Rh8 Bd5 38. a3 e5 39. dxe5+ Kxe5 40. Ra8
c5 41. Rxa7 Kd6 42. Ra4 c4 43. Rb4 c5 44. Rb8 Kc7 45. Rf8 Be4 46. Rf6 Kb7 47.
Re6 Kc7 48. Rh6 Kb7 49. Ke3 Kc7 50. Rh3 Kb6 51. Rh2 Kb5 52. Kf4 Ka4 53. Ke5 Kb3
54. Kd6 Bc2 55. Kxc5 Kxb2 56. a4 Kxc3 57. a5 Be4 58. a6 Kd3 59. a7 c3 60. Kb4 c2
61. Rh1 Kd2 62. Rh2+ Ke1 63. Rxc2 f2 64. Rc1+ Kd2 65. Ra1 Ke2 66. Ra2+ Kf3 67.
Ra1 Kg2 68. Ra2 Kg1 69. Ra1+ f1=Q 70. Rxf1+ Kxf1 71. Kc3 Ke2 72. Kd4 Kf3 73. Ke5
f4 74. Kd4 Ba8 75. Kd3 Kg2 {White resigns} 0-1

[Event "Team 45 45 League T63"]
[Site "Internet Chess Club"]
[Date "2014.12.07"]
[Round "2"]
[White "PostMike"]
[Black "BotanicalKnight"]
[Result "0-1"]
[WhiteElo "1433"]
[BlackElo "1545"]
[Opening "Caro-Kann: two knights, 3...Bg4"]
[ECO "B11"]
[Time "14:00:32"]
[TimeControl "2700+45"]

1. e4 c6 2. Nc3 d5 3. Nf3 Bg4 4. h3 Bxf3 5. Qxf3 Nf6 6. Be2 e6 7. O-O Bc5 8. e5
Nfd7 9. Na4 Bb6 10. Nxb6 Qxb6 11. Qg4 Rg8 12. d4 c5 13. dxc5 Qxc5 14. Be3 Qc7
15. f4 Nc6 16. c3 O-O-O 17. Bb5 Ne7 18. c4 Nf5 19. Bf2 Nc5 20. cxd5 Qa5 21. Rfc1
b6 22. Bxc5 bxc5 23. Rxc5+ Kb8 24. dxe6 fxe6 25. Rac1 Qd2 26. R5c2 Qd4+ 27. Rf2
Qe3 28. Rc3 Qe1+ 29. Rf1 Qe4 30. Bc6 Qd4+ 31. Rf2 Ne3 32. Qe2 Nd1 33. Rb3+ Kc7
34. Qc2 Qxf2+ 35. Qxf2 Nxf2 36. Kxf2 Kxc6 {White resigns} 0-1

[Event "Team 45 45 League T63"]
[Site "Internet Chess Club"]
[Date "2014.12.06"]
[Round "2"]
[White "Just-Jim"]
[Black "KidRattler"]
[Result "0-1"]
[WhiteElo "1321"]
[BlackElo "1499"]
[Opening "Bird's opening"]
[ECO "A03"]
[Time "15:11:57"]
[TimeControl "2700+45"]

1. f4 d5 2. h3 c5 3. Nf3 Nc6 4. e3 e6 5. Bb5 Bd6 6. Bxc6+ bxc6 7. O-O Ba6 8. d3
Qb6 9. Ne5 Nf6 10. Ng4 Nxg4 11. Qxg4 g6 12. b3 c4 13. Bb2 Qxe3+ 14. Kh1 Rg8 15.
Qg5 cxd3 16. Ba3 Bxa3 17. Nxa3 dxc2 18. Rfe1 Qc5 19. Nxc2 Qxc2 20. Rac1 Qf5 21.
Qh6 Kd7 22. Qh4 Qh5 23. Qf2 g5 24. Qc5 Bb7 25. f5 Rge8 26. f6 g4 27. Qb4 Rab8
28. Re3 Qg5 29. Rce1 Qxf6 30. Qxg4 Qg6 31. Qf3 c5 32. Qf2 Rf8 33. Rg3 Qh5 34.
Qxc5 Rg8 35. Rxg8 Rxg8 36. Rc1 Rc8 37. Qb5+ Bc6 38. Qa6 d4 39. Qxa7+ Rc7 40.
Qxd4+ Qd5 41. Qg7 Qxg2+ 42. Qxg2 Bxg2+ 43. Kxg2 Rxc1 {White resigns} 0-1

[Event "Team 45 45 League T63"]
[Site "Internet Chess Club"]
[Date "2014.12.07"]
[Round "2"]
[White "Aquaman"]
[Black "kingsrook"]
[Result "1/2-1/2"]
[WhiteElo "1363"]
[BlackElo "1334"]
[Opening "Réti: King's Indian attack, French variation"]
[ECO "A05"]
[Time "15:00:29"]
[TimeControl "2700+45"]

1. Nf3 Nf6 2. g3 d5 3. Bg2 e6 4. O-O c5 5. d3 Nc6 6. Nbd2 Be7 7. Re1 O-O 8. e4
Qc7 9. exd5 exd5 10. Nf1 Re8 11. Bg5 Bg4 12. Qd2 d4 13. Bf4 Bd6 14. Bxd6 Qxd6
15. h3 Bh5 16. N1h2 Bg6 17. Nh4 Rad8 18. Nxg6 hxg6 19. Nf3 Nh7 20. Re2 Re7 21.
Rae1 Rde8 22. a3 b6 23. h4 a5 24. b3 Rxe2 25. Rxe2 Rxe2 26. Qxe2 Qe7 27. Qxe7
Nxe7 28. Ne5 Nf6 29. Kf1 Kf8 30. a4 Ned5 31. Ke2 Ke7 32. Kd2 Ke6 33. Nf3 Kd6 34.
Ng5 Ke7 35. Nf3 Kd6 36. Ng5 Ke7 {Game drawn by mutual agreement} 1/2-1/2

[Event "Team 45 45 League T63"]
[Site "Internet Chess Club"]
[Date "2014.12.06"]
[Round "2"]
[White "uzi"]
[Black "ChessMaine"]
[Result "1-0"]
[WhiteElo "1517"]
[BlackElo "1501"]
[Opening "Grob's attack"]
[ECO "A00"]
[Time "20:13:50"]
[TimeControl "2700+45"]

1. g4 d5 2. h3 e5 3. Bg2 h5 4. gxh5 Nf6 5. h6 Nc6 6. hxg7 Bxg7 7. Nc3 Bf5 8. d3
Qd7 9. Bg5 O-O-O 10. Bxf6 Bxf6 11. Nxd5 Bg7 12. e4 Be6 13. a3 f5 14. Nc3 Rdg8
15. exf5 Bxf5 16. Qf3 e4 17. dxe4 Nd4 18. Qd3 Bh6 19. Nf3 Rxg2 20. Qxd4 Qxd4 21.
Nxd4 Bxh3 22. Rd1 Bg4 23. Kf1 {Black forfeits on time} 1-0

[Event "Team 45 45 League T63"]
[Site "Internet Chess Club"]
[Date "2014.12.05"]
[Round "2"]
[White "Hal2001"]
[Black "Gilguli"]
[Result "1-0"]
[WhiteElo "1533"]
[BlackElo "1462"]
[Opening "Sicilian: Grand Prix attack"]
[ECO "B23"]
[Time "15:07:04"]
[TimeControl "2700+45"]

1. e4 c5 2. Nc3 Nc6 3. f4 g6 4. Nf3 Bg7 5. Bb5 d6 6. Bxc6+ bxc6 7. O-O Ba6 8. d3
Bxc3 9. bxc3 Nf6 10. Qe1 Qa5 11. Bb2 c4 12. d4 Rb8 13. Bc1 O-O 14. f5 Bb5 15.
Bh6 Rfe8 16. fxg6 fxg6 17. h3 Ba4 18. e5 Nd5 19. Bd2 Bxc2 20. Qh4 Qc7 21. e6 Rb2
22. Ng5 Nf6 23. Nf7 Reb8 24. Rxf6 exf6 25. Qxf6 Qxf7 26. Qxf7+ Kh8 {Black
resigns} 1-0

[Event "Team 45 45 League T63"]
[Site "Internet Chess Club"]
[Date "2014.12.05"]
[Round "2"]
[White "houseofcook"]
[Black "PaulRichard"]
[Result "1/2-1/2"]
[WhiteElo "1472"]
[BlackElo "1540"]
[Opening "Réti opening"]
[ECO "A05"]
[Time "12:00:36"]
[TimeControl "2700+45"]

1. Nf3 Nf6 2. g3 d5 3. Bg2 c6 4. O-O Bf5 5. d3 Nbd7 6. Nbd2 h6 7. Qe1 Bh7 8. e4
dxe4 9. dxe4 e6 10. Qe2 Be7 11. Ne1 e5 12. Nd3 b5 13. b3 O-O 14. Bb2 Qc7 15. a4
a6 16. Rfc1 Bd6 17. axb5 axb5 18. b4 Nb6 19. Ra3 Nc4 20. Nxc4 bxc4 21. Rxa8 Rxa8
22. Nc5 Bxc5 23. bxc5 Ra4 24. Ra1 Qa5 25. Rxa4 Qxa4 26. Bxe5 Nd7 27. Bd4 Qb4 28.
c3 Qb1+ 29. Qf1 Bxe4 30. Qxb1 Bxb1 31. Bxc6 Bf5 32. Bb5 Be6 33. c6 Nf6 34. Bxf6
gxf6 35. c7 Kf8 36. Bxc4 Bc8 37. Bd5 f5 38. c4 Ke7 39. c5 Kd7 40. c6+ Kxc7 41.
f4 Be6 42. Bf3 Bc4 43. Kf2 f6 44. Ke3 Kd6 45. Kd4 Bb5 46. Kc3 Bxc6 47. Bxc6 Kxc6
48. Kc4 Kd6 49. Kd4 h5 50. h3 Kc6 51. Kc4 Kd6 52. Kd4 {Game drawn by mutual
agreement} 1/2-1/2

[Event "Team 45 45 League T63"]
[Site "Internet Chess Club"]
[Date "2014.12.06"]
[Round "2"]
[White "seattleblues"]
[Black "semperfi"]
[Result "1/2-1/2"]
[WhiteElo "1443"]
[BlackElo "1392"]
[Opening "QGD: Semi-Tarrasch defense"]
[ECO "D40"]
[Time "20:01:04"]
[TimeControl "2700+45"]

1. d4 Nf6 2. Nf3 e6 3. c4 d5 4. Nc3 c5 5. Bf4 Nc6 6. e3 Bd6 7. Ne5 Qc7 8. Nb5
Qa5+ 9. Nc3 cxd4 10. Nxc6 bxc6 11. Bxd6 dxc3 12. b4 Qd8 13. c5 Ne4 14. Be5 Qg5
15. Bf4 Qf6 16. Bd3 e5 17. Bg3 Nxg3 18. hxg3 e4 19. Be2 c2 20. Qc1 Qc3+ 21. Kf1
Qxb4 22. Qxc2 Rb8 23. Kg1 Qb2 24. Qd1 Be6 25. Kh2 O-O 26. a4 Qf6 27. Rf1 Qh6+
28. Kg1 {Game drawn by mutual agreement} 1/2-1/2

[Event "Team 45 45 League T63"]
[Site "Internet Chess Club"]
[Date "2014.12.07"]
[Round "2"]
[White "smsxman"]
[Black "Jiawen5"]
[Result "1-0"]
[WhiteElo "1468"]
[BlackElo "1236"]
[Opening "Sicilian defense"]
[ECO "B30"]
[Time "09:30:27"]
[TimeControl "2700+45"]

1. e4 c5 2. Nf3 Nc6 3. Nc3 Nf6 4. Bc4 e6 5. O-O d5 6. exd5 exd5 7. Bb5 Bd7 8.
Re1+ Be7 9. d4 c4 10. Bxc6 bxc6 11. Ne5 Bd6 12. Nxc6+ Be7 13. Nxd8 Rxd8 14. Bg5
O-O 15. Bxf6 Bxf6 16. Nxd5 Bg5 17. c3 Be6 18. Ne3 Rfe8 19. h3 Bxe3 20. Rxe3 h6
21. Qd2 Bd7 22. Rae1 Rf8 23. Rg3 Kh7 24. Qc2+ g6 25. Ree3 Rde8 26. b3 cxb3 27.
axb3 Rxe3 28. fxe3 h5 29. Rg5 Kh6 30. Rc5 Rc8 31. Rxc8 Bxc8 32. b4 Bb7 33. Qd2
Ba6 34. e4+ Kh7 35. d5 Bc8 36. h4 Kg7 37. g3 Bg4 38. Qd4+ Kh6 39. Qxa7 Kg7 40.
Qd4+ f6 41. d6 Bd7 42. c4 Kf7 43. c5 Bc6 44. Qc4+ Kg7 45. Qe6 Kh6 46. Qxf6 Bxe4
47. Qf4+ Kg7 48. Qxe4 Kh6 49. Qf4+ Kh7 50. d7 Kg7 51. Qg5 Kf7 52. d8=Q Ke6 53.
Qdf6+ Kd7 54. Qgxg6 Kc7 55. Qff7+ Kd8 56. Qgg8# {Black checkmated} 1-0

[Event "Team 45 45 League T63"]
[Site "Internet Chess Club"]
[Date "2014.12.05"]
[Round "2"]
[White "parzival"]
[Black "Ilamihir"]
[Result "0-1"]
[WhiteElo "875"]
[BlackElo "1151"]
[Opening "Modern defense"]
[ECO "A40"]
[Time "20:00:44"]
[TimeControl "2700+45"]

1. d4 g6 2. Nf3 Bg7 3. Be3 Nf6 4. Nc3 d6 5. Qd2 O-O 6. O-O-O Re8 7. Bh6 Bxh6 8.
Qxh6 Bd7 9. e3 e5 10. d5 c6 11. dxc6 Nxc6 12. Bc4 Be6 13. Bxe6 Rxe6 14. e4 Ng4
15. Qd2 Nb4 16. Ng5 Rf6 17. f3 Rf4 18. Ne2 Nf2 19. Nxf4 Nxh1 20. Ne2 Nxa2+ 21.
Kb1 Nf2 22. Rf1 f6 23. Ne6 Qe7 24. Qd5 Nb4 25. Qc4 Qd7 26. Nc5+ Qf7 27. Qxf7+
Kxf7 28. Rxf2 dxc5 29. c3 Nd3 30. Rf1 a5 31. Rd1 Nf2 32. Rd7+ Kg8 33. Rxb7 a4
34. Kc1 a3 35. bxa3 Rxa3 36. Rb8+ Kg7 37. Kb2 Ra4 38. Kb3 Ra1 39. Kc4 Ra2 40.
Nc1 Rc2 41. Nb3 Nd1 42. Kd3 Rxc3+ 43. Kd2 c4 44. Nc5 Ra3 45. Kxd1 Ra5 46. Nd7
Ra3 47. Rc8 Rd3+ 48. Kc2 Rxd7 49. Rxc4 Ra7 50. h4 Ra2+ 51. Kd3 Rxg2 52. Rc7+ Kh6
53. Rc6 Kh5 54. Rxf6 Kxh4 55. Ke3 Kg5 56. Rf7 h5 57. Re7 Kf6 58. Rh7 g5 59. Rxh5
Rg3 60. Rh6+ Kg7 61. Re6 g4 62. Kf2 Rxf3+ 63. Kg2 Kf7 64. Rxe5 Kf6 65. Rc5 Rf4
66. e5+ Ke6 67. Kg3 Re4 68. Kh4 Kf5 69. Rd5 Kf4 70. Rc5 g3 71. Kh3 Kf3 72. Rc2
Rxe5 73. Rg2 Rg5 74. Rg1 Kf2 75. Kh4 g2 76. Ra1 g1=Q 77. Ra2+ Kf3 78. Ra3+ Ke4
79. Ra4+ Kd5 80. Ra5+ Kc6 81. Rxg5 Qd4+ 82. Kh5 Kd6 83. Rg6+ Ke7 84. Kg5 Kf7 85.
Rf6+ Qxf6+ {White resigns} 0-1

[Event "Team 45 45 League T63"]
[Site "Internet Chess Club"]
[Date "2014.12.06"]
[Round "2"]
[White "princevultan2"]
[Black "oldbookseller"]
[Result "1-0"]
[WhiteElo "1134"]
[BlackElo "1053"]
[Opening "Three knights game"]
[ECO "C46"]
[Time "13:00:23"]
[TimeControl "2700+45"]

1. e4 e5 2. Nf3 Nc6 3. Nc3 d6 4. Bc4 Qe7 5. O-O Nf6 6. d3 Be6 7. Bg5 g6 8. Bh4
Bg7 9. Nd5 Qd7 10. Bxf6 Rg8 11. Bxg7 O-O-O 12. Nf6 Qe7 13. Nxg8 Rxg8 14. Bh6 f5
15. Bxe6+ Qxe6 16. Ng5 Qf6 17. a4 Nd4 18. Ra3 f4 19. g3 f3 20. c3 Ne2+ 21. Kh1
Qd8 22. Qxe2 fxe2 23. Re1 Qf6 24. Rxe2 d5 25. Rb3 dxe4 26. dxe4 Qa6 27. Re1 Qxa4
28. Ra3 Qc2 29. Rxa7 Qxf2 30. Ra8+ Kd7 31. Rd1+ Kc6 32. Rxg8 Qc2 33. Rg1 Qxb2
34. Nxh7 Qxc3 35. Rxg6+ Kc5 36. Rg7 Qd4 37. Ng5 b5 38. Rxc7+ Kb4 39. Bf8+ Kb3
40. Rc5 Qe3 41. Rxe5 Qc3 42. Rxb5+ Kc2 43. Rc5 {Black resigns} 1-0